 Dungeon Crawl Stone Soup version 0.29-a0-19-gef7f3e67aa (webtiles) character file.

Game seed: 11539546719571523817

201 Nattfarinn the Chopper (level 5, -9/47 HPs)
             Began as a Minotaur Berserker on Jan 29, 2022.
             Was a Believer of Trog.
             Mangled by Menkaure (15 damage)
             ... on level 4 of the Dungeon.
             The game lasted 00:02:20 (2712 turns).

Nattfarinn the Chopper (Minotaur Berserker)         Turns: 2712, Time: 00:02:21

Health: -9/47      AC:  3    Str: 24    XL:     5   Next: 50%
Magic:  13/13      EV: 12    Int:  4    God:    Trog [**....]
Gold:   110        SH:  0    Dex:  9    Spells: 4/4 levels left

rFire   . . .      SeeInvis .   a - +0 hand axe
rCold   . . .      Faith    .   (no shield)
rNeg    . . .      Spirit   .   b - +0 animal skin
rPois   .          Reflect  .   (helmet restricted)
rElec   .          Harm     .   k - +0 cloak
rCorr   .          Rampage  .   (no gloves)
Will    ++...                   (no boots)
Stlth   +.........              (no amulet)
HPRegen 1.15/turn               e - ring of magical power
MPRegen 0.13/turn               (no ring)

@: strong-willed, on berserk cooldown, regenerating, slowed, very slow
A: horns 2, retaliatory headbutt
a: Renounce Religion, Berserk, Trog's Hand


You were on level 4 of the Dungeon.
You worshipped Trog.
Trog was pleased with you.
You visited 1 branch of the dungeon, and saw 4 of its levels.

You collected 110 gold pieces.

Inventory:

Hand Weapons
 a - a +0 hand axe (weapon)
Armour
 b - a +0 animal skin (worn)
 k - a +0 cloak (worn)
Jewellery
 e - a ring of magical power (left hand)
 n - a +6 ring of strength
Scrolls
 c - a scroll of identify {unknown}
 d - a scroll of silence {unknown}
 f - a scroll of blinking {unknown}
 i - 2 scrolls of teleportation {unknown}
 l - a scroll of noise {unknown}
Potions
 g - a potion of attraction {unknown}
 h - a potion of curing {unknown}
 j - a potion of flight {unknown}
 m - a potion of resistance {unknown}


   Skills:
 + Level 4.6 Fighting
 * Level 5.5 Axes
 + Level 3.7 Armour
 + Level 3.4 Dodging


You had 4 spell levels left.
You didn't know any spells.
Your spell library was empty.

Dungeon Overview and Level Annotations

Branches:
Dungeon (4/15)
 Temple: D:4-7

Altars:
Dithmenos
Ru

Shops:
D:2 [

Annotations:
D:4 Menkaure


Innate Abilities, Weirdness & Mutations

You have a pair of horns on your head.
You reflexively headbutt those who attack you in melee.


Message History

The gnoll barely misses you. x2; You furiously retaliate!
You headbutt the gnoll! You hit the gnoll.
You kill the gnoll!
Trog accepts your kill.
Menkaure, Prince of Dust comes into view.
Menkaure shouts!
You see here a +0 war axe.
Menkaure barely misses you.
Your skin crawls.
You feel strong-willed. Menkaure completely misses you.
You hit Menkaure.
Menkaure is moderately damaged.
Menkaure misses you. You furiously retaliate!
You headbutt Menkaure! You hit Menkaure.
Menkaure is severely damaged.
Menkaure barely misses you.
You barely miss Menkaure.
Menkaure is severely damaged.
Menkaure hits you! Menkaure barely misses you.
You barely miss Menkaure.
You headbutt Menkaure, but do no damage.
Menkaure is severely damaged.
Menkaure mumbles some strange words.
Menkaure seems to speed up.
You hit Menkaure.
Menkaure is almost destroyed.
Menkaure sighs in an indecipherable tongue.
Menkaure hits you!!
* * * LOW HITPOINT WARNING * * *
Menkaure hits you.
* * * LOW HITPOINT WARNING * * *
You barely miss Menkaure.
Menkaure is almost destroyed.
Menkaure calls on the powers of darkness!
Your body is wracked with pain!
* * * LOW HITPOINT WARNING * * *
Menkaure hits you!
You die...

.... ..g ..#
..###.. ##.....#
#))# ##.##
#######..#
##..))@M.##
#######.)#######
#....[.....#
#..........#
#......<)..#
........)..#
############


You could see Menkaure (fast).

Vanquished Creatures
  A water moccasin skeleton (D:4)
  A gnoll shaman (D:4)
  An orc wizard (D:3)
  3 gnolls (D:4)
  An adder (D:2)
  A worm (D:3)
  4 orcs
  2 ball pythons (D:2)
  5 endoplasms (D:2)
  2 giant cockroaches
  12 goblins
  A hobgoblin (D:2)
  5 quokkas
  2 bats
  4 kobolds
  7 rats
52 creatures vanquished.

Notes
Turn   | Place    | Note
-------+----------+-------------------------------------------
     0 | D:1      | Nattfarinn the Minotaur Berserker began the quest for the
                  | Orb.
     0 | D:1      | Reached XP level 1. HP: 19/19 MP: 0/0
    52 | D:1      | You fall into a shaft and drop 1 floor!
   215 | D:2      | Reached XP level 2. HP: 15/27 MP: 1/1
   216 | D:2      | Reached skill level 4 in Axes
   597 | D:2      | Reached XP level 3. HP: 32/33 MP: 2/2
   753 | D:2      | Reached ** piety under Trog
   963 | D:2      | Found a faded altar of an unknown god.
   963 | D:2      | Found Zohefixir's Armour Shop.
  1279 | D:3      | Found a shadowy altar of Dithmenos.
  1793 | D:3      | Reached XP level 4. HP: 9/40 MP: 3/3
  2210 | D:3      | Found a sacrificial altar of Ru.
  2485 | D:4      | Reached skill level 5 in Axes
  2485 | D:4      | Reached XP level 5. HP: 16/47 MP: 4/4
  2703 | D:4      | Noticed Menkaure
  2712 | D:4      | Mangled by Menkaure

Illustrated notes

Levels and vault maps discovered:
D:1:      nzn_arrival_crosshair, layout_loops_cross, minivault_19
D:2:      layout_basic, ebering_ecumenical_altar_hall, serial_shops, shop,
          minmay_circle_x
D:3:      layout_basic, nicolae_dithmenos_the_darkroom,
          mainiacjoe_overflow_cross_hatched
D:4:      layout_rooms, yredelemnul_altar_generic, uniq_menkaure

Skill      XL: |  1  2  3  4 |
---------------+-------------+-----
Axes           | 4 5 |  5.5
Fighting       | 4 |  4.6
Armour         | 3 |  3.7
Dodging        | 3 |  3.4

Action                   |  1- 3 |  4- 6 || total
-------------------------+-------+-------++-------
Melee: Hand axe          |    96 |    38 ||   134
       Headbutt          |     6 |     6 ||    12
       Punch             |     1 |     1 ||     2
Invok: Berserk           |     2 |     1 ||     3
       Trog's Hand       |       |     1 ||     1
 Stab: Sleeping          |       |     1 ||     1
Armor: Animal skin       |    14 |     3 ||    17
Dodge: Dodged            |    49 |    22 ||    71

Table legend: (Time is in decaauts)
 A = Elapsed time spent in this place.
 B = Non-inter-level travel time spent in this place.
 C = Inter-level travel time spent in this place.
 D = Time resting spent in this place.
 E = Time spent auto-exploring this place.
 F = Levels seen in this place.
 G = Mean time per level.
                   A        B        C        D        E       F      G
               +--------+--------+--------+--------+--------+-----+--------+
         Total |   2739 |   2688 |     51 |    485 |   1870 |   4 |  684.8 |
       Dungeon |   2739 |   2688 |     51 |    485 |   1870 |   4 |  684.8 |
               +--------+--------+--------+--------+--------+-----+--------+

Top non-repeatable levels by time:
     D:3: 1319 daAuts
     D:2: 1201 daAuts
     D:4: 165 daAuts
     D:1: 52 daAuts
